 Dungeon Crawl Stone Soup version 0.21.1-1-g345015f (webtiles) character file.

121 inc the Cudgeler (level 5, -2/36 HPs)
             Began as an Octopode Fighter on June 12, 2018.
             Slain by a gnoll
             ... wielding a +0 spear
              (10 damage)
             ... on level 3 of the Dungeon.
             The game lasted 00:02:38 (1859 turns).

inc the Cudgeler (Octopode Fighter)                 Turns: 1859, Time: 00:02:39

Health: -2/36      AC:  1    Str: 15    XL:     5   Next: 5%
Magic:  5/5        EV: 11    Int: 12    God:
Gold:   94         SH:  9    Dex: 11    Spells: 4/4 levels left

rFire    . . .     SeeInvis .   a - +0 flail
rCold    . . .     Gourm    .   b - +0 shield
rNeg     + . .     Faith    .   (helmet restricted)
rPois    .         Spirit   .   (no amulet)
rElec    .         Reflect  .   f - ring of positive energy
rCorr    .         Harm     .   (no ring)
MR       .....                  (no ring)
Stlth    ++........             (no ring)
HPRegen  0.12/turn              (no ring)
MPRegen  0.09/turn              (no ring)
                                (no ring)
                                (no ring)

@: no status effects
A: almost no armour, stealthy swim, amphibious, 8 rings, constrict 8, camouflage
1, gelatinous body 1
a: no special abilities


You were on level 3 of the Dungeon.
You were very hungry.

You visited 1 branch of the dungeon, and saw 3 of its levels.

You collected 94 gold pieces.

Inventory:

Hand Weapons
 a - a +0 flail (weapon)
Armour
 b - a +0 shield (worn)
Jewellery
 f - a ring of positive energy (left tentacle)
Scrolls
 e - 4 scrolls of identify {unknown}
 g - a scroll of teleportation {unknown}
 h - a scroll of magic mapping {unknown}
 j - 3 scrolls of enchant weapon {unknown}
 l - a scroll of random uselessness {unknown}
 o - a scroll of blinking {unknown}
Potions
 c - a potion of might
 i - a potion of curing {unknown}
 k - a potion of flight {unknown}
 m - a potion of mutation {unknown}
 n - a potion of haste {unknown}
Comestibles
 d - 5 rations


   Skills:
 - Level 3.0 Fighting
 * Level 4.3 Maces & Flails
 - Level 3.0 Dodging
 + Level 4.0 Shields


You had 4 spell levels left.
You didn't know any spells.

Dungeon Overview and Level Annotations

Branches:
Dungeon (3/15)

Altars:
Ashenzari
Elyvilon
Kikubaaqudgha


Innate Abilities, Weirdness & Mutations

You cannot wear most types of armour.
You are very stealthy in the water. (Stealth+)
You are amphibious.
You can wear up to eight rings at the same time.
You can use your tentacles to constrict eight enemies at once.
Your skin changes colour to match your surroundings (Stealth+).
Your rubbery body absorbs attacks. (AC +1, EV +1)


Message History

Your grab misses the gnoll. Your squeeze misses the gnoll.
The gnoll misses you. You block the gnoll's attack.
A worm comes into view.
You barely miss the gnoll. Your grab misses the gnoll.
You kill the gnoll!
Your Shields skill increases to level 4!
You have reached level 5!
You feel clever. You block the gnoll's attack.
The worm moves out of view.
The gnoll hits you from afar with a spear!
You hit the adder but do no damage. Your grab misses the adder.
You squeeze the adder, but do no damage.
You are feeling very hungry.
The adder barely misses you. The adder closely misses you.
The gnoll hits you from afar with a spear.
* * * LOW HITPOINT WARNING * * *
You miss the adder. You grab the adder. You constrict the adder.
The adder closely misses you.
The gnoll hits you from afar with a spear!
You die...

.. .. . ... ... # #.#.#
..... #. .#.# ...# #..
... ...' .. #.####...#
#.##.....# #..'.)...###
. #+######@......##.. ..
......lS###....##.#####.
......gg# #....##.......
........# #...###.......
<.......# #............
........# #............
........# ###......####
######### #.#.......#
#.#....##)#


You could see 2 gnolls, an adder and a leopard gecko.

Vanquished Creatures
  An orc wizard (D:3)
  2 gnolls (D:3)
  2 adders (D:2)
  2 worms
  A dart slug (D:1)
  2 leopard geckos
  3 orcs (D:3)
  8 bats
  A giant cockroach (D:1)
  4 hobgoblins
  5 jackals
  A frilled lizard (D:2)
  4 goblins
  7 kobolds
  2 rats
45 creatures vanquished.

Notes
Turn   | Place    | Note
-------+----------+-------------------------------------------
     0 | D:1      | inc the Octopode Fighter began the quest for the Orb.
     0 | D:1      | Reached XP level 1. HP: 16/16 MP: 1/1
   237 | D:1      | Reached XP level 2. HP: 18/21 MP: 2/2
   492 | D:1      | Reached XP level 3. HP: 24/26 MP: 3/3
   660 | D:2      | Found a white marble altar of Elyvilon.
  1200 | D:2      | Found a shattered altar of Ashenzari.
  1478 | D:2      | Reached XP level 4. HP: 31/31 MP: 4/4
  1611 | D:3      | Found an ancient bone altar of Kikubaaqudgha.
  1857 | D:3      | Reached XP level 5. HP: 19/36 MP: 5/5
  1859 | D:3      | Slain by a gnoll

Skill      XL: |  1  2  3  4 |
---------------+-------------+-----
Maces & Flails | 3 4 |  4.3
Shields        | 4 |  4.0
Fighting       | |  3.0
Dodging        | |  3.0

Action                   |  1- 3 |  4- 6 || total
-------------------------+-------+-------++-------
Melee: Flail             |    63 |    30 ||    93
       Constrict         |    21 |     9 ||    30
       Tentacles         |    12 |     8 ||    20
 Stab: Sleeping          |     2 |     2 ||     4
  Eat: Chunk             |     1 |     1 ||     2
Armor: Skin              |     9 |       ||     9
Dodge: Dodged            |    28 |     8 ||    36
Block: Shield            |    26 |    16 ||    42
